 Dungeon Crawl Stone Soup version 0.29.0-13-gc9e81de378 (webtiles) character file.

Game seed: 6788959860016054283

6698 Ordine the Covert (level 10, 0/49 HPs)
             Began as a Spriggan Enchanter on Sept 7, 2022.
             Was a Believer of Dithmenos.
             Slain by a vampire mosquito (9 damage)
             ... on level 9 of the Dungeon.
             The game lasted 00:38:24 (14424 turns).

Ordine the Covert (Spriggan Enchanter)             Turns: 14424, Time: 00:38:25

Health: 0/49       AC:  3    Str:  4    XL:     10   Next: 74%
Magic:  12/17      EV: 24    Int: 21    God:    Dithmenos [**....]
Gold:   239        SH:  0    Dex: 22    Spells: 12/17 levels left

rFire   . . .      SeeInvis +   a - +2 dagger
rCold   . . .      Faith    .   (no shield)
rNeg    . . .      Spirit   .   x - +1 robe
rPois   .          Reflect  .   (helmet restricted)
rElec   .          Harm     .   A - scarf {+Inv}
rCorr   .          Rampage  .   (gloves unavailable)
Will    +....                   (boots unavailable)
Stlth   +++++++...              (no amulet)
HPRegen 0.16/turn               i - +6 ring of dexterity
MPRegen 0.15/turn               w - ring of wizardry

@: confusing by touch, wreathed by umbra, very quick
A: very small, no large weapons, unfitting armour, see invisible, speed 3
a: Renounce Religion, Evoke Invisibility, Shadow Step


You were on level 9 of the Dungeon.
You worshipped Dithmenos.
Dithmenos was pleased with you.
You visited 2 branches of the dungeon, and saw 11 of its levels.

You collected 536 gold pieces.
You spent 297 gold pieces at shops.

Inventory:

Hand Weapons
 a - a +2 dagger (weapon)
 b - the +4 quick blade of the Traitor {elec, rPois Str+2 Stlth+}
   (You acquired it on level 8 of the Dungeon)

   It occasionally discharges a powerful burst of electricity upon striking a
   foe.
   Str:       It affects your strength (+2).
   rPois:     It protects you from poison.
   Stlth:     It makes you more stealthy.
Missiles
 o - 19 poisoned darts (quivered)
 u - 4 atropa-tipped darts
 B - 2 throwing nets
 E - 2 curare-tipped darts
Armour
 x - a +1 robe (worn)
 A - a scarf of invisibility (worn)
 F - a +0 buckler of protection
 J - the -1 cloak of the Gazing Gods {rC++}
   (You found it on level 9 of the Dungeon)

   rC:        It greatly protects you from cold.
Jewellery
 f - a +6 ring of intelligence
 i - a +6 ring of dexterity (left hand)
 w - a ring of wizardry (right hand)
Wands
 p - a wand of mindburst (11)
 H - a wand of iceblast (7)
Scrolls
 d - a scroll of fog
 h - 4 scrolls of blinking
 j - 4 scrolls of enchant weapon
 l - 2 scrolls of poison
 m - 3 scrolls of enchant armour
 n - a scroll of brand weapon
 r - 3 scrolls of magic mapping
 v - 3 scrolls of teleportation
 y - 2 scrolls of amnesia {unknown}
 C - 3 scrolls of vulnerability
 I - 2 scrolls of summoning {unknown}
Potions
 c - 3 potions of invisibility
 e - 2 potions of ambrosia
 g - 5 potions of curing {unknown}
 k - a potion of degeneration {unknown}
 q - a potion of brilliance {unknown}
 s - 4 potions of lignification {unknown}
 t - 3 potions of haste {unknown}
 z - 2 potions of heal wounds {unknown}
 D - a potion of cancellation {unknown}
 G - a potion of magic {unknown}


   Skills:
 + Level 3.1 Fighting
 + Level 8.1 Short Blades
 + Level 8.1 Dodging
 + Level 12.1 Stealth
 + Level 4.2 Spellcasting
 + Level 8.2 Hexes
 + Level 10.6 Evocations


You had 12 spell levels left.
You knew the following spells:

 Your Spells              Type           Power      Damage    Failure   Level
a - Ensorcelled Hibernat  Hex/Ice        42%        N/A       1%          2
b - Confusing Touch       Hex            38%        N/A       1%          3

Your spell library contained the following spells:

 Spells                   Type           Power      Damage    Failure   Level
 Tukima's Dance           Hex            38%        N/A       1%          3
 Dazzling Flash           Conj/Hex       42%        N/A       2%          3
 Sublimation of Blood     Necr           4%         N/A       8%          2
 Wereblood                Tmut           4%         N/A       8%          2
 Ignite Poison            Fire/Tmut/Pois 4%         N/A       14%         3
 Mephitic Cloud           Conj/Pois/Air  4%         N/A       14%         3
 Airstrike                Air            2%         2d(1-17)  41%         4
 Summon Lightning Spire   Summ/Air       4%         N/A       41%         4
 Freezing Cloud           Conj/Ice/Air   2%         6-21      75%         5
 Lightning Bolt           Conj/Air       2%         1d13      75%         5
 Summon Hydra             Summ           2%         N/A       100%        7


Dungeon Overview and Level Annotations

Branches:
Dungeon (10/15)            Temple (1/1) D:4            Lair (0/5) D:8
    Orc: D:9-12

Altars:
Ashenzari
Cheibriados
Dithmenos
Elyvilon
Fedhas
Gozag
Hepliaklqana
Kikubaaqudgha
Makhleb
Nemelex Xobeh
Okawaru
Qazlal
Ru
Sif Muna
Trog
Uskayaw
Vehumet
Wu Jian
Xom
Yredelemnul
Zin
The Shining One

Shops:
D:1 *   D:5 *


Innate Abilities, Weirdness & Mutations

You are very small and have problems with some larger weapons.
You are too small for most types of armour.
You have supernaturally acute eyesight. (SInv)
You cover ground extremely quickly. (Speed+++)


Message History

The vampire mosquito bites you!
The vampire mosquito draws strength from your injuries!
The vampire mosquito completely misses you.
The vampire mosquito completely misses you.
There is a stone staircase leading up here.
The vampire mosquito completely misses you.
The vampire mosquito completely misses you.
The vampire mosquito completely misses you.
The vampire mosquito attacks as you move away!
The vampire mosquito bites you.
The vampire mosquito draws strength from your injuries!
The vampire mosquito attacks as you move away!
The vampire mosquito misses you.
The vampire mosquito attacks as you move away!
The vampire mosquito misses you.
The vampire mosquito attacks as you move away!
The vampire mosquito closely misses you.
The vampire mosquito attacks as you move away!
The vampire mosquito closely misses you.
The vampire mosquito attacks as you move away!
The vampire mosquito misses you. x2
There is a stone staircase leading up here.
The vampire mosquito completely misses you.
The vampire mosquito closely misses you.
The vampire mosquito bites you but does no damage.
The vampire mosquito bites you!
The vampire mosquito draws strength from your injuries!
You climb upwards.
There is a stone staircase leading down here.
The vampire mosquito attacks as you move away!
The vampire mosquito completely misses you.
The vampire mosquito bites you.
* * * LOW HITPOINT WARNING * * *
The vampire mosquito draws strength from your injuries!
Aiming: Shadow Step
Press: ? - help, Dir - move target, f - vampire mosquito
Aim: a vampire mosquito (chance to confuse on hit: 65%, umbra)
You step into the vampire mosquito's shadow.
The vampire mosquito bites you!
You die...

..##.......#
#.......# #.# #.#
..##..###..#
#.......# #.# #.#
......# #..#
#.......# #.###.#
......# #..#
#.......######.....#
.###..# #..#
#..................#
.# #..###..#
#...............#..#
.# #.......#
#...............#..#
.# #.......#
#.yy....######..#...
.#
#.......###..@....#
#..#..# .#
#..###............#
######. .# #..#
#.###........# #...#)
.# #..# #.#
#........#######._)).
.# #..# #.#
#..............#...#.
.###..# #.#
#..............#####.
......# #.#
#.........####...##.#
......# #.#
#.........# #...##.#
.###..# #.#
#.........# #...##.#


You could see 2 vampire mosquitoes.

Vanquished Creatures
  A two-headed ogre (D:8)
  A komodo dragon (D:8)
  A hornet (D:7)
  2 wyverns
  9 yaks
  2 steam dragons
  3 water moccasins
  An ice beast (D:5)
  A sky beast (D:5)
  4 black bears
  3 ogres
  2 centaurs
  2 kobold brigands (D:8)
  A necrophage (D:6)
  A gnoll sergeant (D:8)
  2 bullfrogs
  5 scorpions
  13 wights
  10 howler monkeys
  A vampire bat (D:3)
  5 hounds
  6 orc priests
  3 jellies
  Ijyb (D:3)
  An iguana (D:4)
  3 orc wizards
  7 gnolls
  8 adders
  2 shadow imps (D:7)
  An ufetubus (D:6)
  3 worms (D:2)
  2 dart slugs
  24 orcs
  3 bat skeletons (D:3)
  3 bat zombies (D:3)
  4 endoplasms
  5 giant cockroaches
  11 goblins
  12 hobgoblins
  2 jackals (D:5)
  4 quokkas
  6 ball pythons
  7 bats
  5 frilled lizards
  9 kobolds
  6 rats
208 creatures vanquished.

Vanquished Creatures (others)
  A plant (D:4)
1 creature vanquished.

Grand Total: 209 creatures vanquished

Notes
Turn   | Place    | Note
-------+----------+-------------------------------------------
     0 | D:1      | Ordine the Spriggan Enchanter began the quest for the Orb.
     0 | D:1      | Reached XP level 1. HP: 9/9 MP: 5/5
   521 | D:1      | Reached XP level 2. HP: 5/13 MP: 6/6
   645 | D:1      | Reached skill level 5 in Stealth
   648 | D:1      | Learned a level 2 spell: Ensorcelled Hibernation
  1021 | D:1      | Found Umiylule's Assorted Antiques.
  1072 | D:1      | You fall into a shaft and drop 1 floor!
  1389 | D:1      | Reached XP level 3. HP: 16/16 MP: 5/8
  2150 | D:2      | Found a faded altar of an unknown god.
  2246 | D:2      | Reached skill level 6 in Stealth
  2299 | D:2      | Learned a level 3 spell: Confusing Touch
  2730 | D:2      | Reached XP level 4. HP: 21/21 MP: 9/9
  3568 | D:3      | Noticed Ijyb
  3575 | D:3      | Killed Ijyb
  3695 | D:3      | Reached skill level 7 in Stealth
  3705 | D:3      | Found an ancient bone altar of Kikubaaqudgha.
  3733 | D:3      | Reached XP level 5. HP: 21/24 MP: 10/10
  4359 | D:4      | Found a staircase to the Ecumenical Temple.
  4368 | Temple   | Entered the Ecumenical Temple
  5224 | D:4      | Reached skill level 8 in Stealth
  5289 | D:4      | Noticed a black bear
  5293 | D:4      | Killed a black bear
  5294 | D:4      | Reached XP level 6. HP: 28/28 MP: 11/11
  5464 | D:5      | Entered Level 5 of the Dungeon
  5469 | D:5      | Reached skill level 5 in Short Blades
  5655 | D:5      | Found a shadowy altar of Dithmenos.
  5656 | D:5      | Found a glowing golden altar of the Shining One.
  5659 | D:5      | Became a worshipper of Dithmenos the Shadowed
  5738 | D:5      | Noticed an ice beast
  5742 | D:5      | Killed an ice beast
  5743 | D:5      | Reached skill level 5 in Hexes
  5743 | D:5      | Reached XP level 7. HP: 32/32 MP: 12/14
  6956 | D:5      | Reached skill level 1 in Evocations
  7071 | D:5      | Reached skill level 1 in Fighting
  7071 | D:5      | Reached XP level 8. HP: 29/37 MP: 11/15
  7678 | D:5      | Found Oxzy's Assorted Antiques.
  7683 | D:5      | Bought a sparkling ruby amulet for 135 gold pieces
  7683 | D:5      | Identified the amulet "Cedipniwk" {Acrobat Harm rPois rC-}
                  | (You bought it in a shop on level 5 of the Dungeon)
  7687 | D:5      | Bought a sapphire ring for 135 gold pieces
  7692 | D:5      | Bought a scroll labelled UDUONN DUKHLA for 27 gold pieces
  8732 | D:6      | Reached skill level 5 in Dodging
  8868 | D:6      | Reached skill level 5 in Evocations
  8987 | D:6      | Reached XP level 9. HP: 44/44 MP: 13/16
  9087 | D:6      | Found a hazy altar of Hepliaklqana.
  9229 | D:6      | Reached * piety under Dithmenos
  9615 | D:6      | HP: 1/44 [orc priest/divine providence (11)]
 11739 | D:7      | Reached skill level 9 in Stealth
 11785 | D:8      | Noticed a komodo dragon
 11795 | D:8      | Killed a komodo dragon
 11796 | D:8      | Reached XP level 10. HP: 49/49 MP: 12/17
 11878 | D:8      | Noticed a death yak
 11880 | D:8      | Noticed a death yak
 11887 | D:8      | Noticed a death yak
 12085 | D:8      | Noticed a death yak
 12085 | D:8      | Noticed a death yak
 12145 | D:8      | Identified a scroll of acquirement
 12146 | D:8      | Acquired the +4 quick blade of the Traitor {elec, rPois
                  | Str+2 Stlth+}
 12163 | D:8      | Found a staircase to the Lair.
 12463 | D:8      | Reached ** piety under Dithmenos
 12498 | D:8      | Noticed a two-headed ogre
 12505 | D:8      | Killed a two-headed ogre
 12506 | D:8      | Reached skill level 10 in Stealth
 12621 | D:8      | Reached skill level 11 in Stealth
 13636 | D:9      | Reached skill level 10 in Evocations
 13751 | D:9      | Reached skill level 12 in Stealth
 14136 | D:9      | Identified the -1 cloak of the Gazing Gods {rC++}
 14350 | D:10     | Entered Level 10 of the Dungeon
 14424 | D:9      | Slain by a vampire mosquito

Illustrated notes

Levels and vault maps discovered:
D:1:      dpeg_arrival_oval, layout_basic, serial_shops, nicolae_shop_stone,
          minmay_pentomino_v4
D:2:      layout_basic, basic_ecumenical_altar
D:3:      layout_basic, kennysheep_vampire_church,
          nicolae_elevator_lobby_asterisk, uniq_ijyb
D:4:      black_bear_nest_2, layout_loops_corners,
          minmay_temple_entry_crystal_x, ldierk_geyser,
          chequers_serial_rivers_marsh, serial_bayou_pond_d
D:5:      minmay_angry_zag, layout_layer_cave, mainiacjoe_overflow_divided_tiny,
          serial_shops, shop, amcnicky_mini_corridor_feature,
          minmay_misc_feat_hallway, minmay_strange_pillars
D:6:      layout_gridville, worldfamousw_hep_ancestral_shrine
D:7:      wander_river, layout_cave_pools, serial_column_ruins,
          column_ruins_hut_ruined, column_ruins_open_tiny, column_ruins_grid_4,
          column_ruins_columns_straight, column_ruins_open_medium,
          column_ruins_columns_T, column_ruins_grid_1,
          column_ruins_corridor_dead_end
D:8:      layout_rooms, dpeg_lair_monsters, minmay_bent
D:9:      cheibrodos_iron_armory, layout_long_grid, david_defended_altar_orc
D:10:     layout_long_grid, minmay_librarian
Temple:   mainiacjoe_temple_coin_purse

Skill      XL: |  1  2  3  4  5  6  7  8  9 10 |
---------------+-------------------------------+-----
Stealth        | 5 6 7 8 9 12 | 12.1
Short Blades   | 2 3 4 5 7 8 |  8.1
Spellcasting   | 3 4 |  4.2
Hexes          | 4 5 7 8 |  8.2
Dodging        | 3 6 8 |  8.1
Evocations     | 1 5 8 10 | 10.6
Fighting       | 1 3 |  3.1

Action                   |  1- 3 |  4- 6 |  7- 9 | 10-12 || total
-------------------------+-------+-------+-------+-------++-------
Melee: Dagger            |   120 |   123 |   185 |    43 ||   471
       Punch             |       |       |     1 |     3 ||     4
       Quick blade       |       |       |       |    19 ||    19
Throw: Dart              |       |       |       |     1 ||     1
 Cast: Ensorcelled Hiber |    26 |    21 |    96 |    55 ||   198
       Confusing Touch   |       |       |    22 |     2 ||    24
Invok: Shadow Step       |       |       |       |     1 ||     1
  Use: Scroll            |       |     1 |     8 |     4 ||    13
 Stab: Sleeping          |    29 |    31 |    63 |    27 ||   150
       Confused          |       |       |    13 |       ||    13
Armor: Robe              |     9 |    26 |     8 |     5 ||    48
Dodge: Dodged            |    79 |   112 |   143 |    77 ||   411
